 Dungeon Crawl Stone Soup version 0.28-a0-1555-g9ae15a6949 (webtiles) character file.

Game seed: 15036328489374250106

5 ragingrage the Charlatan (level 1, 0/12 HPs)
             Began as a Gargoyle Artificer on Jan 18, 2022.
             Slain by a jackal (2 damage)
             ... on level 1 of the Dungeon.
             The game lasted 00:00:16 (252 turns).

ragingrage the Charlatan (Gargoyle Artificer)        Turns: 252, Time: 00:00:17

Health: 0/12       AC:  5    Str: 15    XL:     1   Next: 80%
Magic:  1/1        EV: 11    Int: 11    God:
Gold:   7          SH:  0    Dex: 10    Spells: 0/0 levels left

rFire   . . .      SeeInvis .   a - +0 club
rCold   . . .      Faith    .   (no shield)
rNeg    + . .      Spirit   .   b - +0 leather armour
rPois   ∞          Reflect  .   (no helmet)
rElec   +          Harm     .   (no cloak)
rCorr   .          Rampage  .   (no gloves)
Will    .....                   (no boots)
Stlth   +.........              (no amulet)
HPRegen 0.04/turn               (no ring)
MPRegen 0.07/turn               (no ring)

@: no status effects
A: sickness immunity, AC +2, negative energy resistance 1, electricity
resistance, torment resistance 1, petrification resistance
a: no special abilities


You were on level 1 of the Dungeon.
You visited 1 branch of the dungeon, and saw 1 of its levels.

You collected 7 gold pieces.

Inventory:

Hand Weapons
 a - a +0 club (weapon)
Armour
 b - a +0 leather armour (worn)
Wands
 c - a wand of flame (15) (quivered)
 d - a wand of charming (15)
Scrolls
 f - a scroll of holy word {unknown}
 g - a scroll of enchant weapon {unknown}
Miscellaneous
 e - a piece from Xom's chessboard (15/15)


   Skills:
 + Level 1.5 Fighting
 - Level 2.1 Armour
 - Level 0.7 Dodging
 - Level 1.1 Stealth
 + Level 2.9 Evocations


You couldn't memorise any spells.
You didn't know any spells.
Your spell library was empty.

Dungeon Overview and Level Annotations

Branches:
Dungeon (1/15)

Altars:


Innate Abilities, Weirdness & Mutations

You are immune to sickness and miasma.
Your stone body is resilient. (AC +2)
You are immune to poison.
You resist negative energy. (rN+)
You are resistant to electric shocks. (rElec)
You are resistant to unholy torment.
You are immune to petrification.


Message History

You hit the jackal but do no damage. The jackal bites you.
You barely miss the jackal. The jackal bites you.
The jackal closely misses you.
You hit the jackal but do no damage.
The jackal bites you but does no damage.
The jackal barely misses you.
You closely miss the jackal. The jackal misses you.
The jackal closely misses you.
You barely miss the jackal. The jackal bites you. The jackal barely misses you.
You miss the jackal. The jackal closely misses you.
You hit the jackal but do no damage.
The jackal bites you but does no damage.
The jackal closely misses you.
You closely miss the jackal. The jackal closely misses you.
The jackal bites you but does no damage.
You closely miss the jackal. The jackal closely misses you.
The jackal bites you.
You closely miss the jackal. The jackal bites you.
The jackal bites you but does no damage.
You closely miss the jackal. The jackal misses you.
You hit the jackal but do no damage. The jackal barely misses you.
The jackal closely misses you.
You hit the jackal.
The jackal is lightly wounded.
The jackal bites you but does no damage. x2
You barely miss the jackal.
The jackal is lightly wounded.
The jackal bites you but does no damage.
The jackal bites you.
* * * LOW HITPOINT WARNING * * *
You hit the jackal.
The jackal is heavily wounded.
The jackal bites you.
* * * LOW HITPOINT WARNING * * *
The jackal closely misses you.
You closely miss the jackal.
The jackal is heavily wounded.
The jackal bites you but does no damage.
The jackal bites you.
You die...

.#. #.8.8.8.#.........#
...######.......#.........#
....#.+.8.<.8.+.........#
.....#.......#.........#
#...#.8.8.8.#.>.......####
#†.#.......#.............
#.####+####.............
#####..##..####.............#
#.........hhh@..............#
#.........######............#
#.........# #...##########
#.........# ##### #.........#
#.........# ###########


You could see 3 jackals.

Vanquished Creatures
  A bat (D:1)
  A goblin (D:1)
  A jackal (D:1)
  A kobold (D:1)
  A rat (D:1)
5 creatures vanquished.

Notes
Turn   | Place    | Note
-------+----------+-------------------------------------------
     0 | D:1      | ragingrage the Gargoyle Artificer began the quest for the
                  | Orb.
     0 | D:1      | Reached XP level 1. HP: 12/12 MP: 1/1
   252 | D:1      | Slain by a jackal

Illustrated notes

Levels and vault maps discovered:
D:1:      doesnt_arrival_eight_statues, layout_rooms

Action                   || total
-------------------------++-------
Melee: Club              ||    34
Armor: Leather armour    ||    18
Dodge: Dodged            ||    23

Table legend: (Time is in decaauts)
 A = Elapsed time spent in this place.
 B = Non-inter-level travel time spent in this place.
 C = Inter-level travel time spent in this place.
 D = Time resting spent in this place.
 E = Time spent auto-exploring this place.
 F = Levels seen in this place.
 G = Mean time per level.
                   A        B        C        D        E       F      G
               +--------+--------+--------+--------+--------+-----+--------+
         Total |    261 |    261 |      0 |    147 |     34 |   1 |  261.0 |
       Dungeon |    261 |    261 |      0 |    147 |     34 |   1 |  261.0 |
               +--------+--------+--------+--------+--------+-----+--------+

Top non-repeatable levels by time:
     D:1: 261 daAuts
